 Dungeon Crawl Stone Soup version 0.25.1-2-g60ff931df9 (webtiles) character file.

Game seed: 14011079506790333728

727 Ijustatesigmund the Chopper (level 7, -9/50 HPs)
             Began as an Octopode Fighter on Sept 7, 2020.
             Killed from afar by Joresh2's ghost (31 damage)
             ... with a stone arrow
             ... on level 4 of the Dungeon.
             The game lasted 00:09:52 (4690 turns).

Ijustatesigmund the Chopper (Octopode Fighter)      Turns: 4690, Time: 00:09:53

Health: -9/50      AC:  1    Str: 16    XL:     7   Next: 72%
Magic:  7/7        EV: 12    Int: 10    God:
Gold:   187        SH:  9    Dex: 13    Spells: 6/6 levels left

rFire    . . .     SeeInvis .   a - +1 war axe (venom)
rCold    . . .     Gourm    .   b - +0 kite shield
rNeg     + . .     Faith    .   (helmet restricted)
rPois    .         Spirit   .   (no amulet)
rElec    .         Reflect  .   l - ring of positive energy
rCorr    .         Harm     .   (no ring)
MR       .....                  (no ring)
Stlth    ++........             (no ring)
HPRegen  0.16/turn              (no ring)
MPRegen  0.10/turn              (no ring)
                                (no ring)
                                (no ring)

@: mighty
A: almost no armour, stealthy swim, amphibious, 8 rings, constrict 8, camouflage
1, gelatinous body 1
a: no special abilities


You were on level 4 of the Dungeon.
You were not hungry.

You visited 2 branches of the dungeon, and saw 8 of its levels.

You collected 187 gold pieces.

Inventory:

Hand Weapons
 a - a +1 war axe of venom (weapon)
Missiles
 h - 20 arrows
Armour
 b - a +0 kite shield (worn)
Jewellery
 l - a ring of positive energy (left tentacle)
Wands
 k - a wand of acid (11)
Scrolls
 e - 2 scrolls of teleportation
 g - 5 scrolls of remove curse
 i - a scroll of identify
Potions
 c - 2 potions of might
 j - 2 potions of lignification
 m - a potion of flight
Comestibles
 d - 7 rations


   Skills:
 + Level 5.4 Fighting
 + Level 6.5 Axes
 + Level 3.5 Dodging
 + Level 3.5 Shields


You had 6 spell levels left.
You didn't know any spells.
Your spell library was empty.

Dungeon Overview and Level Annotations

Branches:
Dungeon (7/15)             Temple (1/1) D:4

Altars:
Ashenzari
Dithmenos
Elyvilon
Fedhas
Gozag
Hepliaklqana
Kikubaaqudgha
Makhleb
Nemelex Xobeh
Qazlal
Ru
Sif Muna
Uskayaw
Vehumet
Xom
Yredelemnul
Zin
Beogh

Shops:
D:5 }

Annotations:
D:4 Joresh2's ghost, amateur GrEE


Innate Abilities, Weirdness & Mutations

You cannot wear most types of armour.
You are very stealthy in the water. (Stealth+)
You are amphibious.
You can wear up to eight rings at the same time.
You can use your tentacles to constrict eight enemies at once.
Your skin changes colour to match your surroundings (Stealth+).
Your rubbery body absorbs attacks. (AC +1, EV +1)


Message History

Joresh2's ghost hits you.
You are more poisoned.
Joresh2's ghost closely misses you.
You hit Joresh2's ghost.
Joresh2's ghost is lightly damaged.
You feel sick. Joresh2's ghost hits you.
You are more poisoned.
You barely miss Joresh2's ghost. Your squeeze misses Joresh2's ghost.
Joresh2's ghost is lightly damaged.
You feel very sick. Joresh2's ghost hits you.
You feel better. You block Joresh2's ghost's attack.
The orc priest mumbles some strange prayers to Beogh against you.
Beogh smites you!
You slash Joresh2's ghost!
Joresh2's ghost is heavily damaged.
Joresh2's ghost points at you and mumbles some strange words.
The stone arrow hits you!!
Ouch! That really hurt!
You die...

#.##.#..##..#.# #. #####
####.##.#..#8..#.###. ....#
#.......#..##..#...#. ###.#
#.##....#.#....#.#.#. ###.#### #
#.##)'.#...[#...#. ...<...#
#.##.#..'.#o8._#...#. ###.##.#
#...o)..'.#...[#..... ....##.#
####W##.#.#....#.#### ######.#
#@##.#o.##..#.# #.#
#.##.#..#8..#(# #.#
#.##.#..##..#'## #.# #.##.#....
8#..## ###.# #.##8########...##
##.#.## #.#.## ##.......#
###.....########....####.........
.......................'.........
###...#.#########...####.........


You could see an orc priest and Joresh2's ghost.

Vanquished Creatures
  An ogre (D:6)
  A bullfrog (D:4)
  A howler monkey (D:5)
  A centaur zombie (D:7)
  An orc priest (D:4)
  Natasha (thrice) (D:3)
  5 orc wizards
  2 worker ants (D:4)
  A hound skeleton (D:4)
  A worker ant zombie (D:6)
  4 adders
  4 gnolls
  An adder skeleton (D:4)
  2 worms
  4 dart slugs
  3 leopard geckos
  19 orcs
  A ball python (D:3)
  6 bats
  5 giant cockroaches
  3 goblins
  8 hobgoblins
  2 jackals (D:1)
  10 kobolds
  A quokka (D:3)
  4 frilled lizards
  A leopard gecko skeleton (D:5)
  A quokka skeleton (D:4)
  4 rats
100 creatures vanquished.

Vanquished Creatures (others)
  An ogre (D:5)
1 creature vanquished.

Grand Total: 101 creatures vanquished

Notes
Turn   | Place    | Note
-------+----------+-------------------------------------------
     0 | D:1      | Ijustatesigmund the Octopode Fighter began the quest for
                  | the Orb.
     0 | D:1      | Reached XP level 1. HP: 16/16 MP: 1/1
   153 | D:1      | Reached XP level 2. HP: 21/21 MP: 2/2
   452 | D:1      | Reached skill level 3 in Axes
   455 | D:1      | Reached XP level 3. HP: 12/26 MP: 3/3
  1470 | D:3      | Reached XP level 4. HP: 23/32 MP: 4/4
  1681 | D:3      | Reached skill level 4 in Axes
  1873 | D:3      | Noticed Natasha
  1879 | D:3      | Killed Natasha
  1879 | D:3      | Reached XP level 5. HP: 28/37 MP: 5/5
  1903 | D:3      | You fall into a shaft and drop 3 floors!
  2143 | D:6      | You fall into a shaft and drop 1 floor!
  2149 | D:7      | Reached skill level 5 in Axes
  2149 | D:7      | Reached XP level 6. HP: 40/44 MP: 6/6
  2213 | D:5      | Entered Level 5 of the Dungeon
  2213 | D:5      | Found Faam's Gadget Emporium.
  2213 | D:5      | Noticed a sky beast
  2365 | D:4      | Found a basalt altar of Yredelemnul.
  2379 | D:4      | Found a blossoming altar of Fedhas.
  2406 | D:4      | Found a shimmering altar of Xom.
  2415 | D:4      | Reached skill level 5 in Fighting
  2415 | D:4      | Reached skill level 6 in Axes
  2415 | D:4      | Reached XP level 7. HP: 12/50 MP: 7/7
  2828 | D:4      | Found a staircase to the Ecumenical Temple.
  2836 | Temple   | Entered the Ecumenical Temple
  3107 | D:3      | Noticed Natasha
  3112 | D:3      | Killed Natasha
  3146 | D:3      | Noticed Natasha
  3151 | D:3      | Killed Natasha
  3200 | D:3      | Found an opulent altar of Gozag.
  3952 | D:4      | Found a runed translucent gate.
  4319 | D:4      | Found a runed translucent gate.
  4319 | D:4      | Found a runed translucent gate.
  4319 | D:4      | Noticed Joresh2's ghost (amateur GrEE)
  4323 | D:4      | Found a roughly hewn altar of Beogh.
  4690 | D:4      | Killed from afar by Joresh2's ghost

Illustrated notes

Levels and vault maps discovered:
D:1:      dpeg_arrival_rooms_c, layout_basic, minmay_quantized
D:2:      layout_rooms, first_ration, due_unseen_surprise
D:3:      layout_loops_ring, lemuel_crystal_altar, minivault_23,
          kennysheep_donut, uniq_natasha
D:4:      layout_loops_corners, fedhas_altar_3, yredelemnul_altar_generic,
          minmay_temple_entry_trees, biasface_ghost_orc_armoury,
          xom_teletrap_fun
D:5:      layout_rooms, kennysheep_okawaru_gauntlet, serial_shops,
          nicolae_shop_trees, lemuel_flame_loot_1
D:6:      layout_loops_cross, ebering_ghost_rock_garden, grunt_decor_resistance,
          uniq_eustachio
D:7:      layout_basic, basic_altar, uniq_maggie, uniq_prince_ribbit1
Temple:   nicolae_temple_god_jail

Skill      XL: |  1  2  3  4  5  6 |
---------------+-------------------+-----
Axes           | 3 4 5 6 |  6.5
Fighting       | 4 5 |  5.4
Dodging        | |  3.5
Shields        | |  3.5

Action                   |  1- 3 |  4- 6 |  7- 9 || total
-------------------------+-------+-------+-------++-------
Melee: War axe           |    59 |    59 |    61 ||   179
       Constrict         |    18 |    17 |    16 ||    51
       Tentacles         |     9 |    13 |    14 ||    36
Evoke: Wand              |       |       |     1 ||     1
  Use: Scroll            |     3 |     3 |     4 ||    10
       Potion            |       |     2 |     3 ||     5
 Stab: Sleeping          |     3 |     2 |     4 ||     9
  Eat: Chunk             |     2 |     1 |     5 ||     8
       Ration            |       |     1 |       ||     1
Armor: Skin              |     3 |     3 |       ||     6
Dodge: Dodged            |    30 |    29 |    30 ||    89
Block: Kite shield       |    20 |    22 |    23 ||    65
